 Dungeon Crawl Stone Soup version 0.31-a0-261-g072fdb8a1f (webtiles) character file.

Game seed: 15093987804483280195

131 qw the Shooter (level 5, -1/30 HPs)
             Began as a Gargoyle Hexslinger on July 13, 2023.
             Slain by an orc warrior
             ... wielding a +0 hand axe
              (10 damage)
             ... on level 4 of the Dungeon.
             The game lasted 00:00:50 (2366 turns).

qw the Shooter (Gargoyle Hexslinger)                Turns: 2366, Time: 00:00:50

Health: -1/30      AC:  8    Str: 11    XL:     5   Next: 14%
Magic:  6/6        EV: 11    Int: 14    God:
Gold:   163        SH:  0    Dex: 17    Spells: 5/6 levels left

rFire   x . .        Y - +1 sling
rCold   + . .        (no shield)
rNeg    + . .        b - +0 leather armour
rPois   inf          (no helmet)
rElec   +            (no cloak)
rCorr   .            e - +0 pair of gloves
SInv    .            (no boots)
Will    .....        (no amulet)
Stlth   +            a - ring of Aqosioj {Ice Dex+3}
HPRegen 0.25/turn    (no ring)
MPRegen 0.10/turn

%: no passive effects
@: no status effects
A: sickness immunity, AC +4, negative energy resistance 1, electricity
resistance, torment resistance 1, petrification resistance
a: no special abilities


You were on level 4 of the Dungeon.
You visited 1 branch of the dungeon, and saw 4 of its levels.

You collected 163 gold pieces.


Innate Abilities, Weirdness & Mutations

You are immune to sickness and miasma.
Your stone body is resilient. (AC +4)
You are immune to poison.
You resist negative energy. (rN+)
You are resistant to electric shocks. (rElec)
You are resistant to unholy torment.
You are immune to petrification.


   Skills:
 - Level 2.0 Fighting
 + Level 4.9 Ranged Weapons
 - Level 1.5 Dodging
 - Level 1.0 Spellcasting
 - Level 2.6 Hexes


You had 5 spell levels left.
You knew the following spells:

 Your Spells              Type           Power      Damage    Failure   Level
a - Slow                  Hex            32%        N/A       12%         1

Your spell library contained the following spells:

 Spells                   Type           Power      Damage    Failure   Level
 Inner Flame              Hex/Fire       4%         N/A       52%         3
 Portal Projectile        Hex/Tloc       8%         N/A       52%         3
 Cause Fear               Hex            4%         N/A       75%         4

Inventory:

Hand Weapons
 Y - a +1 sling (weapon)
Armour
 b - a +0 leather armour (worn)
 e - a +0 pair of gloves (worn)
Jewellery
 a - the ring of Aqosioj (left hand) {Ice Dex+3}
   (You found it on level 2 of the Dungeon)

   [ring of ice]

   It enhances your ice magic.
   Dex:       It affects your dexterity (+3).
   rF:        It makes you vulnerable to fire.
   rC:        It protects you from cold.
Scrolls
 g - a scroll of teleportation
 l - a scroll of identify
Potions
 c - a potion of degeneration {unknown}
 f - a potion of invisibility {unknown}
 h - a potion of curing {unknown}
 i - a potion of magic {unknown}
 j - a potion of brilliance {unknown}
 k - 3 potions of enlightenment
 n - a potion of attraction {unknown}
 o - a potion of ambrosia {unknown}
 r - a potion of cancellation {unknown}

Dungeon Overview and Level Annotations

Branches:
Dungeon (4/15)
 Temple: D:4-7

Altars:
Makhleb


Message History

The sling bullet hits the orc warrior but does no damage.
The orc warrior is lightly wounded.
You shoot a sling bullet. The sling bullet hits the orc warrior.
The orc warrior is moderately wounded.
The orc warrior hits you with a +0 hand axe.
The orc hits you but does no damage.
You shoot a sling bullet. The sling bullet hits the orc warrior.
The orc warrior is moderately wounded.
The orc warrior hits you with a +0 hand axe.
The orc hits you but does no damage.
You shoot a sling bullet.
The sling bullet closely misses the orc warrior.
The orc warrior closely misses you. The orc hits you but does no damage.
The orc hits you with a +0 dagger. The orc warrior barely misses you.
You shoot a sling bullet.
The sling bullet closely misses the orc warrior.
The orc closely misses you. The orc warrior closely misses you.
You shoot a sling bullet.
The sling bullet completely misses the orc warrior.
The orc warrior barely misses you. The orc hits you with a +0 dagger.
You shoot a sling bullet. The sling bullet hits the orc warrior.
The orc warrior is heavily wounded.
The orc warrior hits you but does no damage.
The orc hits you but does no damage.
You shoot a sling bullet.
The sling bullet closely misses the orc warrior.
The orc warrior hits you with a +0 hand axe.
The orc hits you with a +0 dagger.
You shoot a sling bullet.
The sling bullet closely misses the orc warrior.
The orc warrior hits you but does no damage.
The orc hits you but does no damage.
You shoot a sling bullet. The sling bullet hits the orc warrior.
The orc warrior is heavily wounded.
The orc warrior closely misses you. The orc hits you but does no damage.
The orc warrior closely misses you. The orc barely misses you.
You shoot a sling bullet.
The sling bullet closely misses the orc warrior.
The orc warrior hits you with a +0 hand axe!
You die...

#............#......
#########....#......
#########..........
#.[..[# #.#........
#[[.). #.#......).
#[[.. ..#...#.### .o.
######.#.# ##o###
##.......#
###o@#.###..###..##
#...........####..#
#.......~.~.~.7~##.##
#..<..........7...#..##
#.........~~~..~..#....
#...........7~~......##
#.......~..~.~~.~~##.#
#...............~.##.#
##.......~~~~~~~.~##.#


You could see an orc warrior and 2 orcs.

Vanquished Creatures
  A scorpion (D:4)
  An adder (D:2)
  A dart slug (D:2)
  4 orcs
  6 bats
  3 endoplasms
  2 giant cockroaches (D:2)
  10 goblins
  7 hobgoblins
  5 kobolds
  2 quokkas
  7 ball pythons
  3 frilled lizards
  4 rats
56 creatures vanquished.

Notes
Turn   | Place    | Note
-------+----------+-------------------------------------------
     0 | D:1      | qw the Gargoyle Hexslinger began the quest for the Orb.
     0 | D:1      | Reached XP level 1. HP: 12/12 MP: 2/2
     0 | D:1      | 0 ||| qw: Version: 0.3-a-52-g30416fa
     0 | D:1      | 0 ||| qw: Game counter: 6962
     0 | D:1      | 0 ||| qw: Melee chars always use a shield: true
     0 | D:1      | 0 ||| qw: God list: Okawaru
     0 | D:1      | 0 ||| qw: Allow faded altars: false
     0 | D:1      | 0 ||| qw: Do Orc after clearing Dungeon:15 true
     0 | D:1      | 0 ||| qw: Do second Lair branch before Depths: true
     0 | D:1      | 0 ||| qw: Lair rune preference: random
     0 | D:1      | 0 ||| qw: Goals: Normal
     0 | D:1      | 0 ||| PLANNING D:1-11
   142 | D:1      | Reached XP level 2. HP: 16/16 MP: 3/3
   415 | D:1      | Reached skill level 3 in Ranged Weapons
   626 | D:1      | 626 ||| UPGRADING to +0 pair of gloves.
   693 | D:1      | Reached XP level 3. HP: 21/21 MP: 4/4
   748 | D:1      | 748 ||| READING scroll labelled LABASHR OVOSE.
   749 | D:1      | 749 ||| READING 2 scrolls labelled QUSELOD HIOC.
   752 | D:1      | 752 ||| DROPPING scroll of poison.
   782 | D:2      | Identified the ring of Aqosioj {Ice Dex+3}
  1348 | D:2      | 1348 ||| UPGRADING to +0 leather armour.
  1358 | D:2      | 1358 ||| DROPPING +0 robe.
  1359 | D:2      | 1359 ||| UPGRADING to ring of Aqosioj {Ice Dex+3}.
  1360 | D:2      | 1360 ||| READING 2 scrolls labelled POFAMY HIMM.
  1361 | D:2      | 1361 ||| DRINKING 4 coppery potions.
  1362 | D:2      | 1362 ||| DROPPING scroll of fear.
  1453 | D:3      | Reached XP level 4. HP: 26/26 MP: 5/5
  1491 | D:3      | Found a burning altar of Makhleb.
  1540 | D:3      | Reached skill level 4 in Ranged Weapons
  1981 | D:3      | Found a faded altar of an unknown god.
  2088 | D:3      | 2088 ||| READING scroll labelled KIMILASEASSEO.
  2089 | D:3      | 2089 ||| READING scroll labelled BUYMUWN PEAXAU.
  2090 | D:3      | 2090 ||| READING scroll labelled SEANNAZ YSIA.
  2091 | D:3      | 2091 ||| READING scroll labelled INLAKHUAMO.
  2092 | D:3      | 2092 ||| DRINKING 3 smoky inky potions.
  2196 | D:3      | 2196 ||| DROPPING 2 potions of berserk rage.
  2253 | D:4      | Noticed a scorpion
  2265 | D:4      | Killed a scorpion
  2266 | D:4      | Reached XP level 5. HP: 12/30 MP: 6/6
  2352 | D:4      | Noticed an orc warrior
  2366 | D:4      | Slain by an orc warrior

Levels and vault maps discovered:
D:1:      minmay_arrival_four_loops, layout_loops_ring, nicolae_the_louvre
D:2:      layout_loops_cross, minmay_misc_feat_rows
D:3:      layout_loops_ring, mainiacjoe_overflow_cross_hatched,
          basic_ecumenical_altar
D:4:      layout_rooms, chequers_serial_rivers_marsh, nicolae_nh_ransacked_shop

Skill      XL: |  1  2  3  4 |
---------------+-------------+-----
Ranged Weapons | 3 4 |  4.9
Fighting       | 2 |  2.0
Dodging        | |  1.5
Spellcasting   | |  1.0
Hexes          | |  2.6

Action                     |  1- 3 |  4- 6 || total
---------------------------+-------+-------++-------
   Fire: Sling             |   126 |    52 ||   178
    Use: Scroll            |     3 |     4 ||     7
         Potion            |     1 |     1 ||     2
 Armour: Robe              |    10 |       ||    10
         Leather armour    |     2 |    15 ||    17
  Dodge: Dodged            |    38 |    14 ||    52

Table legend:
 A = Non-vault XP
 B = Vault XP
 C = Vault XP percentage of total XP
 D = Non-vault monster count
 E = Vault monster count
 F = Vault count percentage of total count
                 A         B        C        D         E       F
            +---------+---------+-------+---------+---------+-------
      Total |     185 |       3 |   1.6 |      55 |       1 |   1.8
            +---------+---------+-------+---------+---------+-------
        D:1 |      34 |       0 |   0.0 |      21 |       0 |   0.0
        D:2 |      44 |       0 |   0.0 |      19 |       0 |   0.0
        D:3 |      21 |       0 |   0.0 |      10 |       0 |   0.0
        D:4 |      86 |       3 |   3.4 |       5 |       1 |  16.7
            +---------+---------+-------+---------+---------+-------
